 Dungeon Crawl Stone Soup version 0.29-a0-284-gf9362112df (webtiles) character file.

Game seed: 5922125248182839766

6 spaghetti the Cutter (level 1, 13/20 HPs)
             Began as a Deep Dwarf Berserker on Mar 28, 2022.
             Was a Follower of Trog.
             Quit the game on level 1 of the Dungeon.
             The game lasted 00:00:58 (407 turns).

spaghetti the Cutter (Deep Dwarf Berserker)          Turns: 407, Time: 00:00:59

Health: 13/20      AC:  2    Str: 20    XL:     1   Next: 75%
Magic:  1/1        EV: 12    Int:  7    God:    Trog [*.....]
Gold:   18         SH:  0    Dex: 12    Spells: 0/0 levels left

rFire   . . .      SeeInvis .   a - +0 short sword {short}
rCold   . . .      Faith    .   (no shield)
rNeg    . . .      Spirit   .   b - +0 animal skin
rPois   .          Reflect  .   (no helmet)
rElec   .          Harm     .   (no cloak)
rCorr   .          Rampage  .   (no gloves)
Will    .....                   (no boots)
Stlth   ++........              (no amulet)
HPRegen 0.00/turn               (no ring)
MPRegen 0.07/turn               (no ring)

@: no status effects
A: damage resistance, heal wounds, sense surroundings 1, no regeneration
a: Heal Wounds, Renounce Religion, Berserk


You were on level 1 of the Dungeon.
You worshipped Trog.
Trog was aware of your devotion.
You visited 1 branch of the dungeon, and saw 1 of its levels.

You collected 18 gold pieces.


Innate Abilities, Weirdness & Mutations

You are resistant to damage.
You can heal yourself by infusing magical energy.
You passively map a small area around you.
You do not regenerate.


   Skills:
 - Level 2.6 Fighting
 - Level 2.6 Short Blades
 - Level 2.1 Armour
 + Level 2.3 Dodging
 * Level 1.7 Stealth


You couldn't memorise any spells.
You didn't know any spells.
Your spell library was empty.

Inventory:

Hand Weapons
 a - a +0 short sword (weapon) {short}
Missiles
 c - 16 stones {throwing}
Armour
 b - a +0 animal skin (worn)
Scrolls
 d - a scroll of identify {unknown}
 e - a scroll of fear {unknown}

Dungeon Overview and Level Annotations

Branches:
Dungeon (1/15)

Altars:

* * #....## ##
.#########....####.
, ,
.................'.
#####.......####. ,
* , #.####..# ## ,
#.# ##.# # #, #.#
#.# * ##.######.#
#.# ♣...@.∩..∩# #.#
.............# #.
.............#
8.....8.....8# ###
, .............#
#... ,
*.............#
#.## ∩..∩..8..∩..∩#
* , ,.............#
* , ,


There were no monsters in sight!


Message History

You hit the hobgoblin.
You kill the hobgoblin!
Trog accepts your kill.
Your Stealth skill increases to level 1!
You see here a hobgoblin corpse.
You start waiting.
You feel a strong urge to attack something.
You feel your anger nearly subside.
You are no longer berserk.
You are exhausted.
You feel yourself slow down.
You feel yourself speed up.
You recover from your berserk rage. 😕 HP[-10]
You now have 20 max hp (-10).
e - a scroll labelled ISTYJU IGRUPPE You open the door.
Found a stone staircase leading down.
There is an open door here.
There is a stone staircase leading down here.
Key pressed, stopping explore.
You open the door.
There is an open door here.
You see here a hobgoblin corpse.
You open the door.
There is an open door here.
A quokka comes into view.
A quokka is nearby!
You hit the quokka but do no damage. The quokka barely misses you.
You barely miss the quokka. The quokka closely misses you.
The quokka barely misses you.
You closely miss the quokka. The quokka closely misses you.
You closely miss the quokka. The quokka bites you. 😕 HP[-1]
You take 1 damage, and now have 18/20 hp.
You barely miss the quokka. The quokka closely misses you.
You closely miss the quokka. The quokka bites you.
You hit the quokka. The quokka bites you. 😮 HP[-3]
You take 3 damage, and now have 15/20 hp.
You hit the quokka.
You kill the quokka!
Trog accepts your kill.
You see here a quokka corpse.
You now have 8 gold pieces.
You now have 18 gold pieces (gained 10).
Key pressed, stopping explore.
You see here a quokka corpse.
Key pressed, stopping explore.
A ball python comes into view.
A red film seems to cover your vision as you go berserk!
You feel yourself moving faster!
You feel mighty!
The ball python hisses angrily. 😮 HP[+7]
You now have 30 max hp (+10).
You regained 7 hp, and now have 22/30 hp.
You closely miss the ball python. Your punch misses the ball python.
The ball python bites you. The ball python grabs you.
The ball python constricts you. 😮 HP[-1]
You take 1 damage, and now have 21/30 hp.
Calm down first, please.
Calm down first, please.
You closely miss the ball python. The ball python bites you.
The ball python constricts you. 😮 HP[-1]
You take 1 damage, and now have 20/30 hp.
You puncture the ball python!
You kill the ball python!
Trog accepts your kill.
A kobold comes into view. It is wielding a +0 short sword.
The kobold shouts!
Calm down first, please.
Calm down first, please.
Calm down first, please.
Calm down first, please.
Unknown command.
You feel a strong urge to attack something.
There is an empty arch of ancient stone here.
You feel your anger nearly subside.
You are no longer berserk.
You are exhausted.
You feel yourself slow down. The kobold barely misses you. 😮 HP[-7]
You now have 20 max hp (-10).
You barely miss the kobold. The kobold hits you but does no damage.
You barely miss the kobold. The kobold barely misses you. x2
You closely miss the kobold. The kobold closely misses you.
You hit the kobold.
You kill the kobold!
Trog accepts your kill.
c - 16 stones {throwing} (gained 1)
You see here a +0 short sword {short}.
You start waiting.
You feel yourself speed up.
You recover from your berserk rage.
Done waiting.
Unknown command.
Okay, then.
Are you sure you want to abandon this character and quit the game? (Confirm with "yes".)

Skill      XL: |  1 |
---------------+----+-----
Stealth        | 1 |  1.7
Fighting       | |  2.6
Short Blades   | |  2.6
Armour         | |  2.1
Dodging        | |  2.3

Action                   || total
-------------------------++-------
Melee: Short sword       ||    21
Invok: Berserk           ||     2
Armor: Animal skin       ||     3
Dodge: Dodged            ||    13

Levels and vault maps discovered:
D:1:      kennysheep_arrival_seaside, layout_loops_corners,
          hellmonk_ecumenical_altar_arch_garden, serial_shops, shop

Notes
Turn   | Place    | Note
-------+----------+-------------------------------------------
     0 | D:1      | spaghetti the Deep Dwarf Berserker began the quest for the
                  | Orb.
     0 | D:1      | Reached XP level 1. HP: 20/20 MP: 1/1
    25 | D:1      | magus.rc [v1.9.6]
    43 | D:1      | Reached skill level 1 in Stealth
   407 | D:1      | Quit the game

Vanquished Creatures
  2 ball pythons (D:1)
  A hobgoblin (D:1)
  A kobold (D:1)
  A quokka (D:1)
5 creatures vanquished.

Table legend:
 A = Non-vault XP
 B = Vault XP
 C = Vault XP percentage of total XP
 D = Non-vault monster count
 E = Vault monster count
 F = Vault count percentage of total count
                 A         B        C        D         E       F
            +---------+---------+-------+---------+---------+-------
      Total |       9 |       0 |   0.0 |       5 |       0 |   0.0
            +---------+---------+-------+---------+---------+-------
        D:1 |       9 |       0 |   0.0 |       5 |       0 |   0.0
            +---------+---------+-------+---------+---------+-------

Illustrated notes

Table legend:
 A = Kills in this place as a percentage of kills in entire the game.
 B = Kills by you in this place as a percentage of kills by you in the entire game.
 C = Kills by friends in this place as a percentage of kills by friends in the entire game.
 D = Other kills in this place as a percentage of other kills in the entire game.
 E = Experience gained in this place as a percentage of experience gained in the entire game.
 F = Experience gained in this place divided by the number of levels of this place that you have seen.
                   A       B       C       D       E      F
               +-------+-------+-------+-------+-------+----------------------
         Total | 100.0 | 100.0 |   N/A |   N/A | 100.0 |   9.0
       Dungeon | 100.0 | 100.0 |   N/A |   N/A | 100.0 |   9.0
               +-------+-------+-------+-------+-------+----------------------

Table legend: (Time is in decaauts)
 A = Elapsed time spent in this place.
 B = Non-inter-level travel time spent in this place.
 C = Inter-level travel time spent in this place.
 D = Time resting spent in this place.
 E = Time spent auto-exploring this place.
 F = Levels seen in this place.
 G = Mean time per level.
                   A        B        C        D        E       F      G
               +--------+--------+--------+--------+--------+-----+--------+
         Total |    424 |    424 |      0 |    219 |    158 |   1 |  424.0 |
       Dungeon |    424 |    424 |      0 |    219 |    158 |   1 |  424.0 |
               +--------+--------+--------+--------+--------+-----+--------+

Top non-repeatable levels by time:
     D:1: 424 daAuts
